 Dungeon Crawl Stone Soup version 0.30-a0-135-g630cfc4551 (webtiles) character file.

Game seed: 15490861177048040288

233 IdlyInterested the Trooper (level 5, -2/43 HPs)
             Began as a Demonspawn Wanderer on Sept 20, 2022.
             Slain by Valamore's ghost (8 damage)
             ... on level 3 of the Dungeon.
             The game lasted 00:09:00 (3854 turns).

IdlyInterested the Trooper (Demonspawn Wanderer)    Turns: 3854, Time: 00:09:01

Health: -2/43      AC:  9    Str: 13      XL:     5   Next: 75%
Magic:  6/6        EV:  6    Int: 12 (14) God:
Gold:   117        SH: 14    Dex: 13      Spells: 6/6 levels left

rFire   + . .      SeeInvis .    f - +0 dagger (venom)
rCold   + . .      Faith    .    h - +0 tower shield
rNeg    . . .      Spirit   .    c - +0 ring mail
rPois   .          Reflect  .    (helmet restricted)
rElec   .          Harm     .    y - scarf {rC+ rF+}
rCorr   .          Rampage  .    B - +0 pair of gloves
Will    +....                    (no boots)
Stlth   +.........               (no amulet)
HPRegen 0.14/turn                r - ring of willpower
MPRegen 0.10/turn                (no ring)

@: on berserk cooldown, slowed, very slow
A: antennae 1, molten scales 1, foul stench 1, condensation shield
a: no special abilities


You were on level 3 of the Dungeon.
You visited 1 branch of the dungeon, and saw 3 of its levels.

You collected 117 gold pieces.

Inventory:

Hand Weapons
 f - a +0 dagger of venom (weapon)
 g - a +1 whip of pain
 j - a +0 mace
 k - a +0 short sword
 q - a +0 trident
Missiles
 t - 5 poisoned darts (quivered)
Armour
 c - a +0 ring mail (worn)
 d - a +0 leather armour
 h - a +0 tower shield (worn)
 w - a +0 chain mail
 y - a scarf of resistance (worn)
 B - a +0 pair of gloves (worn)
 E - a +0 scale mail
Magical Staves
 p - a staff of poison
Jewellery
 r - a ring of willpower (left hand)
Scrolls
 a - 2 scrolls of vulnerability
 o - 4 scrolls of amnesia
 u - a scroll of fog
 x - a scroll of torment {unknown}
 A - a scroll of immolation
 C - a scroll of poison {unknown}
 D - a scroll of teleportation {unknown}
Potions
 b - a potion of lignification
 e - a potion of curing
 i - a potion of magic
 l - 2 potions of flight
 m - a potion of invisibility
 n - a potion of haste
 z - a potion of brilliance


   Skills:
 * Level 4.8 Fighting
 + Level 0.0 Throwing
 - Level 4.0 Armour
 - Level 1.0 Dodging
 - Level 1.0 Stealth
 - Level 1.0 Spellcasting
 - Level 3.6 Transmutations
 - Level 1.0 Ice Magic
 - Level 1.0 Evocations


You had 6 spell levels left.
You didn't know any spells.
Your spell library contained the following spells:

 Spells                   Type           Power      Damage    Failure   Level
 Sting                    Tmut/Pois      16%        1d3       99%         1
 Freeze                   Ice            12%        1d4       100%        1
 Magic Dart               Conj           0%         1d3       100%        1
 Summon Small Mammal      Summ           0%         N/A       100%        1
 Call Imp                 Summ           0%         N/A       100%        2
 Call Canine Familiar     Summ           0%         N/A       100%        3
 Ignite Poison            Fire/Tmut/Pois 3%         N/A       100%        3
 Mephitic Cloud           Conj/Pois/Air  0%         N/A       100%        3
 Ozocubu's Armour         Ice            3%         N/A       100%        3
 Portal Projectile        Hex/Tloc       0%         N/A       100%        3
 Spider Form              Tmut/Pois      4%         N/A       100%        3
 Summon Guardian Golem    Hex/Summ       0%         N/A       100%        3
 Leda's Liquefaction      Hex/Erth       0%         N/A       100%        4
 Passage of Golubria      Tloc           0%         N/A       100%        4
 Silence                  Hex/Air        0%         N/A       100%        5
 Lehudib's Crystal Spear  Conj/Erth      0%         10d2      100%        8


Dungeon Overview and Level Annotations

Branches:
Dungeon (3/15)

Altars:
Gozag
Yredelemnul

Annotations:
D:3 Valamore's ghost, amateur DEGl


Innate Abilities, Weirdness & Mutations

You have a pair of small antennae on your head.
You are partially covered in molten scales. (AC +2)
You may rarely emit foul miasma when damaged in melee.
A meltable shield of frost defends you. (SH +4)


Message History

You block the hobgoblin's attack. Valamore's ghost hits you!
You puncture Valamore's ghost!
Valamore's ghost is severely damaged.
You block the hobgoblin's attack.
Valamore's ghost hits you but does no damage.
You hit Valamore's ghost.
Valamore's ghost is severely damaged.
You are no longer berserk.
You are exhausted.
You feel yourself slow down.
The hobgoblin hits you but does no damage.
Valamore's ghost hits you but does no damage.
You hit Valamore's ghost.
Valamore's ghost is almost destroyed.
You kill the hobgoblin!
Valamore's ghost hits you but does no damage.
Valamore's ghost hits you!
You closely miss Valamore's ghost.
Valamore's ghost is almost destroyed.
Valamore's ghost hits you but does no damage.
You block Valamore's ghost's attack.
You barely miss Valamore's ghost.
Valamore's ghost is almost destroyed.
You block Valamore's ghost's attack.
Valamore's ghost shouts, "You will join me soon!"
Valamore's ghost hits you but does no damage.
You hit Valamore's ghost but do no damage.
Valamore's ghost is almost destroyed.
You block Valamore's ghost's attack. x2
You hit Valamore's ghost but do no damage.
Valamore's ghost is almost destroyed.
Valamore's ghost hits you. x2; You emit a cloud of foul miasma!
You hit Valamore's ghost but do no damage.
Valamore's ghost is almost destroyed.
Valamore's ghost hits you!
* * * LOW HITPOINT WARNING * * *
Valamore's ghost hits you.
* * * LOW HITPOINT WARNING * * *
Valamore's ghost hits you!
You die...

#.# #.########.# #.# #.#
#.# #.# #.# #.# #.# #.#
#.# #.#### #.# #.# #....#
#.# #.# ####.# #.# #.# #.#
#.########.#### #.#
#W@...........# #.#
##†########.##.# # #.#
###.)# #.##.##### #.#
##...## #.##.#.... #.#
#..### #.##.#.### #.#
####.#### ##.##....## #.#
#.......########........(.
#.#
#...W...##.......###....##
#.# ###'''####.#######
#.#.###


You could see Valamore's ghost.

Vanquished Creatures
  An ice beast (D:3)
  An orc wizard (D:3)
  4 adders
  A shadow imp (D:3)
  A worm (D:3)
  2 dart slugs (D:1)
  3 orcs (D:3)
  2 endoplasms
  2 giant cockroaches
  4 goblins
  5 hobgoblins
  3 jackals (D:2)
  7 kobolds
  4 quokkas
  7 ball pythons
  5 bats
  5 frilled lizards
  7 rats
64 creatures vanquished.

Vanquished Creatures (others)
  10 plants (D:2)
10 creatures vanquished.

Grand Total: 74 creatures vanquished

Notes
Turn   | Place    | Note
-------+----------+-------------------------------------------
     0 | D:1      | IdlyInterested the Demonspawn Wanderer began the quest for
                  | the Orb.
     0 | D:1      | IdlyInterested set off with the following items: a +0 club,
                  | a potion of lignification, a +0 ring mail; and the
                  | following spells available to memorise: Sting, Freeze,
                  | Spider Form, Ignite Poison, Ozocubu's Armour.
     0 | D:1      | Reached XP level 1. HP: 13/13 MP: 2/2
   120 | D:1      | Reached skill level 1 in Fighting
   597 | D:1      | Gained mutation: A meltable shield of frost defends you.
                  | (SH +4) [demonic ancestry]
   597 | D:1      | Reached XP level 2. HP: 21/21 MP: 3/3
  1138 | D:1      | Gained mutation: You are partially covered in molten
                  | scales. (AC +2) [demonic ancestry]
  1138 | D:1      | Reached XP level 3. HP: 27/27 MP: 4/4
  2059 | D:2      | Gained mutation: You may rarely emit foul miasma when
                  | damaged in melee. [demonic ancestry]
  2059 | D:2      | Reached XP level 4. HP: 27/35 MP: 5/5
  3059 | D:3      | Reached skill level 1 in Dodging
  3394 | D:3      | Found a basalt altar of Yredelemnul.
  3774 | D:3      | Found a runed translucent gate.
  3774 | D:3      | Noticed an ice beast
  3775 | D:3      | Found a runed translucent gate.
  3775 | D:3      | Found an opulent altar of Gozag.
  3777 | D:3      | Found a runed translucent gate.
  3778 | D:3      | Noticed Valamore's ghost (amateur DEGl)
  3831 | D:3      | Reached skill level 1 in Stealth
  3836 | D:3      | Gained mutation: You have a pair of small antennae on your
                  | head. [demonic ancestry]
  3836 | D:3      | Reached XP level 5. HP: 37/42 MP: 6/6
  3840 | D:3      | Killed an ice beast
  3841 | D:3      | Reached skill level 1 in Evocations
  3854 | D:3      | Slain by Valamore's ghost

Illustrated notes

Levels and vault maps discovered:
D:1:      dpeg_arrival_three_same_balls, layout_basic,
          nicolae_figureground_pulse
D:2:      layout_basic, serial_bayou_lagoon_b
D:3:      layout_loops_ring, lemuel_crystal_altar, ebering_ghost_gozag

Skill      XL: |  1  2  3  4  5 |
---------------+----------------+-----
Fighting       | 1 2 3 4 |  4.8
Armour         | 4 |  4.0
Dodging        | 1 |  1.0
Stealth        | 1 |  1.0
Evocations     | 1 |  1.0
Spellcasting   | |  1.0
Transmutations | |  3.6
Ice Magic      | |  1.0

Action                   |  1- 3 |  4- 6 || total
-------------------------+-------+-------++-------
Melee: Club              |    16 |       ||    16
       Dagger            |   113 |    86 ||   199
       Punch             |     1 |       ||     1
  Use: Scroll            |    10 |     3 ||    13
       Potion            |     1 |     2 ||     3
Armor: Ring mail         |    54 |    39 ||    93
Dodge: Dodged            |    25 |    14 ||    39
Block: Tower shield      |    94 |    73 ||   167

Table legend: (Time is in decaauts)
 A = Elapsed time spent in this place.
 B = Non-inter-level travel time spent in this place.
 C = Inter-level travel time spent in this place.
 D = Time resting spent in this place.
 E = Time spent auto-exploring this place.
 F = Levels seen in this place.
 G = Mean time per level.
                   A        B        C        D        E       F      G
               +--------+--------+--------+--------+--------+-----+--------+
         Total |   3950 |   3539 |    411 |    512 |   2249 |   3 | 1316.7 |
       Dungeon |   3950 |   3539 |    411 |    512 |   2249 |   3 | 1316.7 |
               +--------+--------+--------+--------+--------+-----+--------+

Top non-repeatable levels by time:
     D:1: 1627 daAuts
     D:2: 1469 daAuts
     D:3: 853 daAuts
